 Dungeon Crawl Stone Soup version 0.27.1-34-g3ba077fa99 (webtiles) character file.

Game seed: 16446371534100129290

12569 zeram the Destroyer (level 11, -1/83 HPs)
             Began as a Gnoll Conjurer on Jan 2, 2022.
             Was an Initiate of Gozag.
             Killed by divine providence
             ... invoked by an orc priest
              (14 damage)
             ... on level 1 of the Orcish Mines on Jan 3, 2022.
             The game lasted 00:40:00 (14504 turns).

zeram the Destroyer (Gnoll Conjurer)               Turns: 14504, Time: 00:40:01

Health: -1/83      AC: 10    Str:  6    XL:     11   Next: 95%
Magic:  40/41      EV: 30    Int: 26    God:    Gozag
Gold:   1655       SH:  5    Dex: 12    Spells: 6/27 levels left

rFire    . . .     SeeInvis +   m - +8 spear of the Wilderness {flame, MP+9 Dex+2}
rCold    . . .     Faith    .   F - +0 buckler of the Sacrificial Victim {Will+}
rNeg     . . .     Spirit   .   G - +1 robe of Awe {MP+9 Int+4}
rPois    .         Reflect  .   (no helmet)
rElec    .         Harm     .   E - +0 cloak
rCorr    .         Rampage  .   g - +0 pair of gloves
Will     +....                  (no boots)
Stlth    ++++......             h - amulet of the acrobat
HPRegen  0.23/turn              r - +4 ring of protection
MPRegen  0.27/turn              y - ring of see invisible

@: acrobatic
A: fangs 1, strong nose, distributed training
a: Renounce Religion, Potion Petition, Call Merchant, Bribe Branch


You were on level 1 of the Orcish Mines.
You worshipped Gozag.
Gozag was most pleased with you.
You visited 3 branches of the dungeon, and saw 12 of its levels.
You also visited: Bailey.

You collected 2833 gold pieces.
You spent 1060 gold pieces at shops.
You paid 118 gold pieces to Gozag.

Inventory:

Hand Weapons
 e - a +0 dagger
 f - a +3 whip of electrocution
 m - the +8 spear of the Wilderness (weapon) {flame, MP+9 Dex+2}
   (You found it on level 5 of the Dungeon)

   It burns those it strikes, dealing additional fire damage.
   Dex:       It affects your dexterity (+2).
   MP:        It affects your magic capacity (+9).
 u - the +4 whip of Contradiction {pain, Drain +Blink rElec Int-4}
   (You found it on level 6 of the Dungeon)

   In the hands of one skilled in necromantic magic, it inflicts extra damage on
   living creatures.
   Int:       It affects your intelligence (-4).
   rElec:     It insulates you from electricity.
   +Blink:    It lets you blink.
   Drain:     It drains your maximum health when unequipped.
 J - the +3 whip "Myote" {elec, Fly rC+ MP+9}
   (You bought it in a shop on level 10 of the Dungeon)

   It occasionally discharges a powerful burst of electricity upon striking a
   foe.
   rC:        It protects you from cold.
   MP:        It affects your magic capacity (+9).
   Fly:       It grants you flight.
Missiles
 v - 14 poisoned darts (quivered)
 L - a throwing net
Armour
 g - a +0 pair of gloves (worn)
 p - a +1 robe of cold resistance
 E - a +0 cloak (worn)
 F - the +0 buckler of the Sacrificial Victim (worn) {Will+}
   (You bought it in a shop on level 10 of the Dungeon)

   Will:      It increases your willpower.
 G - the +1 robe of Awe (worn) {MP+9 Int+4}
   (You bought it in a shop on level 10 of the Dungeon)

   Int:       It affects your intelligence (+4).
   MP:        It affects your magic capacity (+9).
 K - the +1 leather armour of Wrong Decisions {rElec rF+ Str+2}
   (You bought it in a shop on level 10 of the Dungeon)

   Str:       It affects your strength (+2).
   rF:        It protects you from fire.
   rElec:     It insulates you from electricity.
Jewellery
 a - a +6 ring of intelligence
 h - an amulet of the acrobat (around neck)
 i - an amulet of regeneration
 r - a +4 ring of protection (left hand)
 y - a ring of see invisible (right hand)
 z - a +6 ring of intelligence
 D - a ring of flight
 H - the ring "Qusmueb" {Wiz rN+ Stlth+}
   (You bought it in a shop on level 10 of the Dungeon)

   [ring of wizardry]

   It improves your spell success rate.
   rN:        It protects you from negative energy.
   Stlth:     It makes you more stealthy.
 I - the ring "Isoof" {rF+ rN+}
   (You bought it in a shop on level 10 of the Dungeon)

   [ring of positive energy]

   rF:        It protects you from fire.
   rN:        It protects you from negative energy.
Wands
 j - a wand of paralysis (17)
 l - a wand of iceblast (11)
 B - a wand of flame (28)
 M - a wand of acid (8)
Scrolls
 c - 4 scrolls of noise
 o - 2 scrolls of amnesia
 q - 3 scrolls of teleportation
 s - a scroll of magic mapping
 w - 3 scrolls of identify
Potions
 b - 2 potions of heal wounds
 d - 2 potions of attraction
 k - a potion of mutation
 n - 2 potions of curing
 t - a potion of resistance
 x - 2 potions of invisibility
 A - a potion of haste
 C - a potion of might


   Skills:
 + Level 6.7 Fighting
 + Level 6.7 Short Blades
 + Level 6.7 Long Blades
 + Level 6.7 Axes
 + Level 6.7 Maces & Flails
 + Level 6.7 Polearms
 + Level 6.7 Staves
 + Level 6.7 Slings
 + Level 6.7 Bows
 + Level 6.7 Crossbows
 + Level 6.7 Throwing
 + Level 6.7 Armour
 + Level 8.2 Dodging
 + Level 8.0 Stealth
 + Level 6.7 Shields
 + Level 6.7 Unarmed Combat
 + Level 8.5 Spellcasting
 + Level 9.1 Conjurations
 + Level 5.6 Hexes
 + Level 5.6 Summonings
 + Level 5.6 Necromancy
 + Level 5.6 Translocations
 + Level 5.6 Transmutations
 + Level 5.6 Fire Magic
 + Level 5.6 Ice Magic
 + Level 5.6 Air Magic
 + Level 5.6 Earth Magic
 + Level 5.6 Poison Magic
 + Level 7.4 Invocations
 + Level 6.7 Evocations


You had 6 spell levels left.
You knew the following spells:

 Your Spells              Type           Power      Damage    Failure   Level
a - Magic Dart            Conj           100%       1d8       1%          1
b - Searing Ray           Conj           100%       3d7       1%          2
c - Call Canine Familiar  Summ           40%        N/A       1%          3
d - Iskenderun's Mystic   Conj/Tloc      49%        2d11      2%          4
e - Swiftness             Air            40%        N/A       1%          3
f - Dazzling Flash        Conj/Hex       98%        N/A       1%          3
g - Excruciating Wounds   Necr           20%        N/A       14%         5

Your spell library contained the following spells:

 Spells                   Type           Power      Damage    Failure   Level
 Pain                     Necr           100%       1d9       1%          1
 Passwall                 Tmut/Erth      33%        N/A       1%          2
 Portal Projectile        Hex/Tloc       80%        N/A       1%          3
 Fulminant Prism          Conj/Hex       24%        3d13      2%          4
 Animate Armour           Summ/Erth      80%        N/A       5%          4
 Leda's Liquefaction      Hex/Erth       20%        N/A       5%          4
 Irradiate                Conj/Tmut      24%        3d21      7%          5
 Agony                    Necr           40%        N/A       14%         5
 Blade Hands              Tmut           20%        N/A       14%         5
 Iron Shot                Conj/Erth      24%        9d5       36%         6
 Invisibility             Hex            20%        N/A       63%         6
 Dragon Form              Tmut           20%        N/A       99%         7


Dungeon Overview and Level Annotations

Branches:
Dungeon (10/15)            Temple (1/1) D:4            Lair (0/6) D:10
    Orc (1/2) D:10         Bailey (visited)

Altars:
Ashenzari
Cheibriados
Dithmenos
Elyvilon
Fedhas
Gozag
Hepliaklqana
Kikubaaqudgha
Makhleb
Nemelex Xobeh
Okawaru
Qazlal
Ru
Sif Muna
Trog
Uskayaw
Vehumet
Wu Jian
Xom
Yredelemnul
Zin
The Shining One
Beogh

Shops:
D:4 ?

Annotations:
D:4 3 runed translucent doors, Vylera's ghost, amateur FoFE


Innate Abilities, Weirdness & Mutations

You have very sharp teeth.
Your uncanny sense of smell can sniff out nearby items.
Your experience applies equally to all skills.


Message History

The orc shouts!
An orc comes into view.
It is wielding a +1 falchion of freezing.
The orc wizard casts a spell.
The orc wizard flickers and vanishes for a moment.
An orc comes into view. It is wielding a +0 whip.
The orc is no longer distracted by gold.
The orc completely misses you. The orc closely misses you.
Casting: Searing Ray (safe; 1% risk of failure)
Confirm with . or Enter, or press ? or * to list all spells.
You feel quick. You block the orc's attack. The orc barely misses you.
You block the orc's attack. The orc closely misses you.
An orc comes into view. It is wielding a +0 war axe.
The orc shouts!
A warg comes into view. x2
The warg howls! x2; You hear a shout!
You start to feel a little slower.
You feel sluggish. You block the warg's attack.
The orc priest calls down the wrath of Beogh upon you.
Beogh smites you!
You hear a shout!
The warg barely misses you. The warg misses you. x2
The orc priest miscasts a cantrip.
The warg misses you. The warg completely misses you.
You block the warg's attack. The warg misses you.
You start to feel a little faster.
You block the warg's attack. The warg closely misses you.
The orc priest mumbles some strange prayers to Beogh against you.
Beogh smites you!
* * * LOW HITPOINT WARNING * * *
You block the warg's attack. The warg closely misses you.
The warg completely misses you. The warg misses you.
You no longer feel sluggish.
The orc priest mumbles some strange prayers to Beogh against you.
Beogh smites you!
You die...
Your body crumbles into a pile of gold.

##....#######.##.#.
#....###..##...#... #
###....#....##...... #.
###.......#....#.....o ..
##..............#...#..
..#.#....#..............###
.....................#..###
....#....#.o.#.#.........##
........<.@h.o..o.........#
........#..h..o..........##
#.#...............##^...##
.......................##
..........>............##
....#.............#.....#
#.#..............#......#
..........#.............#
......##........##.##


You could see 2 wargs, an orc priest and 3 orcs.

Vanquished Creatures
  Harold (Orc:1)
  2 two-headed ogres
  Pikel (D:5)
  Psyche (D:8)
  A gargoyle (D:8)
  A komodo dragon (D:10)
  An unseen horror (D:10)
  A troll (D:10)
  A shadow (D:10)
  A wraith (D:9)
  3 yaks (D:10)
  3 wyverns
  4 vampire mosquitoes (D:10)
  2 steam dragons
  2 wargs (Orc:1)
  An acid dragon (D:9)
  Duvessa (D:7)
  2 ice beasts
  15 orc warriors
  2 sky beasts
  3 ogres
  3 necrophages
  2 centaurs
  A lemure (D:5)
  3 phantoms
  2 kobold brigands
  6 bullfrogs
  3 gnoll sergeants
  5 scorpions
  Dowan (D:7)
  A water moccasin skeleton (D:4)
  10 killer bees
  4 wights
  A howler monkey (D:5)
  A crimson imp (D:5)
  A bullfrog zombie (D:6)
  2 centaur zombies
  A hound (D:5)
  2 jellies
  10 orc priests
  3 bullfrog skeletons
  A centaur skeleton (D:7)
  A gnoll shaman (D:10)
  4 iguanas
  Jessica (D:3)
  16 orc wizards
  A scorpion zombie (D:5)
  4 killer bee zombies
  A hound skeleton (D:5)
  2 howler monkey skeletons
  5 adders
  21 gnolls
  A shadow imp (D:6)
  2 white imps (D:7)
  2 ufetubi (D:5)
  3 adder skeletons
  4 worms
  5 dart slugs
  62 orcs
  8 endoplasms
  2 giant cockroaches
  6 hobgoblins
  13 jackals
  A quokka (D:4)
  12 ball pythons
  7 bats
  A frilled lizard (D:3)
  9 goblins
  37 kobolds
  A quokka skeleton (D:4)
  5 rats
349 creatures vanquished.

Vanquished Creatures (collateral kills)
  4 kobolds (D:9)
4 creatures vanquished.

Vanquished Creatures (others)
  2 orcs (D:8)
  A fungus (D:4)
  31 plants
34 creatures vanquished.

Grand Total: 387 creatures vanquished

Notes
Turn   | Place    | Note
-------+----------+-------------------------------------------
     0 | D:1      | zeram the Gnoll Conjurer began the quest for the Orb.
     0 | D:1      | Reached XP level 1. HP: 13/13 MP: 6/6
   164 | D:1      | Reached XP level 2. HP: 20/20 MP: 3/7
   507 | D:1      | Learned a level 2 spell: Searing Ray
   592 | D:1      | Reached XP level 3. HP: 25/25 MP: 6/9
   630 | D:1      | Reached skill level 5 in Spellcasting
   819 | D:1      | Reached skill level 1 in Invocations
  1212 | D:2      | Reached skill level 1 in Fighting
  1212 | D:2      | Reached skill level 1 in Short Blades
  1212 | D:2      | Reached skill level 1 in Long Blades
  1212 | D:2      | Reached skill level 1 in Axes
  1212 | D:2      | Reached skill level 1 in Maces & Flails
  1212 | D:2      | Reached skill level 1 in Polearms
  1212 | D:2      | Reached skill level 1 in Staves
  1212 | D:2      | Reached skill level 1 in Slings
  1212 | D:2      | Reached skill level 1 in Bows
  1212 | D:2      | Reached skill level 1 in Crossbows
  1212 | D:2      | Reached skill level 1 in Throwing
  1212 | D:2      | Reached skill level 1 in Armour
  1212 | D:2      | Reached skill level 1 in Shields
  1212 | D:2      | Reached skill level 1 in Unarmed Combat
  1212 | D:2      | Reached skill level 1 in Evocations
  1397 | D:2      | Found a faded altar of an unknown god.
  1420 | D:2      | Found a white marble altar of Elyvilon.
  1435 | D:2      | Reached XP level 4. HP: 30/32 MP: 11/11
  2275 | D:3      | Reached skill level 1 in Hexes
  2275 | D:3      | Reached skill level 1 in Summonings
  2275 | D:3      | Reached skill level 1 in Necromancy
  2275 | D:3      | Reached skill level 1 in Translocations
  2275 | D:3      | Reached skill level 1 in Transmutations
  2275 | D:3      | Reached skill level 1 in Fire Magic
  2275 | D:3      | Reached skill level 1 in Ice Magic
  2275 | D:3      | Reached skill level 1 in Air Magic
  2275 | D:3      | Reached skill level 1 in Earth Magic
  2275 | D:3      | Reached skill level 1 in Poison Magic
  2524 | D:3      | Reached XP level 5. HP: 35/37 MP: 7/12
  2669 | D:3      | Noticed Jessica
  2677 | D:3      | Killed Jessica
  3013 | D:3      | Learned a level 3 spell: Dazzling Flash
  3018 | D:3      | Learned a level 4 spell: Iskenderun's Mystic Blast
  3024 | D:4      | Noticed a phantom
  3031 | D:4      | Killed a phantom
  3032 | D:4      | Reached XP level 6. HP: 44/44 MP: 5/13
  3127 | D:4      | Found a runed translucent gate.
  3127 | D:4      | Found a runed translucent gate.
  3128 | D:4      | Found a runed translucent gate.
  3130 | D:4      | Noticed Vylera's ghost (amateur FoFE)
  3296 | D:4      | Reached skill level 5 in Dodging
  3373 | D:4      | Found Puatuefur's Magic Scroll Shoppe.
  3782 | D:4      | Found a staircase to the Ecumenical Temple.
  4007 | D:5      | Entered Level 5 of the Dungeon
  4030 | D:5      | Reached XP level 7. HP: 41/50 MP: 15/15
  4054 | D:5      | Identified the +8 spear of the Wilderness {flame, MP+9
                  | Dex+2}
  4293 | D:5      | Reached skill level 5 in Stealth
  4343 | D:5      | Noticed Pikel
  4359 | D:5      | Killed Pikel
  4360 | D:5      | Reached XP level 8. HP: 25/58 MP: 7/17
  4980 | D:5      | Found a burning altar of Makhleb.
  5535 | Temple   | Entered the Ecumenical Temple
  5809 | Temple   | Became a worshipper of Gozag Ym Sagoz the Greedy
  5913 | D:4      | Bought a scroll of identify for 24 gold pieces
  5913 | D:4      | Bought a scroll of magic mapping for 42 gold pieces
  5913 | D:4      | Bought a scroll of fear for 42 gold pieces
  6105 | D:5      | Reached XP level 9. HP: 55/65 MP: 18/18
  6895 | D:6      | Reached skill level 8 in Conjurations
  7471 | D:6      | Noticed a two-headed ogre
  7475 | D:6      | Reached skill level 5 in Invocations
  7494 | D:6      | Killed a two-headed ogre
  7495 | D:6      | Reached XP level 10. HP: 34/73 MP: 18/20
  7743 | D:6      | Identified the +4 whip of Contradiction {pain, Drain +Blink
                  | rElec Int-4}
  7847 | D:6      | Found a basalt altar of Yredelemnul.
  8209 | D:6      | Learned a level 3 spell: Swiftness
  8213 | D:6      | Learned a level 3 spell: Call Canine Familiar
  8219 | D:6      | Learned a level 5 spell: Excruciating Wounds
  8275 | D:6      | Reached skill level 5 in Fighting
  8275 | D:6      | Reached skill level 5 in Short Blades
  8275 | D:6      | Reached skill level 5 in Long Blades
  8275 | D:6      | Reached skill level 5 in Axes
  8275 | D:6      | Reached skill level 5 in Maces & Flails
  8275 | D:6      | Reached skill level 5 in Polearms
  8275 | D:6      | Reached skill level 5 in Staves
  8275 | D:6      | Reached skill level 5 in Slings
  8275 | D:6      | Reached skill level 5 in Bows
  8275 | D:6      | Reached skill level 5 in Crossbows
  8275 | D:6      | Reached skill level 5 in Throwing
  8275 | D:6      | Reached skill level 5 in Armour
  8275 | D:6      | Reached skill level 5 in Shields
  8275 | D:6      | Reached skill level 5 in Unarmed Combat
  8275 | D:6      | Reached skill level 5 in Evocations
  9273 | D:7      | Noticed Duvessa
  9275 | D:7      | Noticed Dowan
  9287 | D:7      | Killed Duvessa
  9295 | D:7      | Killed Dowan
  9374 | D:7      | Found a white marble altar of Elyvilon.
  9378 | D:7      | Found a snail-covered altar of Cheibriados.
  9628 | D:8      | Noticed Psyche
  9634 | D:8      | Killed Psyche
 10190 | D:8      | Noticed a gargoyle
 10204 | D:8      | Killed a gargoyle
 10232 | D:8      | Found a flagged portal.
 10242 | Bailey   | Entered a bailey
 10633 | Bailey   | Identified a scroll of acquirement
 11000 | D:8      | Reached XP level 11. HP: 68/81 MP: 18/22
 11229 | D:8      | Noticed a two-headed ogre
 11237 | D:8      | Killed a two-headed ogre
 11337 | D:8      | Acquired a ring of see invisible
 11490 | D:9      | Reached skill level 5 in Hexes
 11490 | D:9      | Reached skill level 5 in Summonings
 11490 | D:9      | Reached skill level 5 in Necromancy
 11490 | D:9      | Reached skill level 5 in Translocations
 11490 | D:9      | Reached skill level 5 in Transmutations
 11490 | D:9      | Reached skill level 5 in Fire Magic
 11490 | D:9      | Reached skill level 5 in Ice Magic
 11490 | D:9      | Reached skill level 5 in Air Magic
 11490 | D:9      | Reached skill level 5 in Earth Magic
 11490 | D:9      | Reached skill level 5 in Poison Magic
 11543 | D:9      | Found an ornate altar of the Wu Jian Council.
 12107 | D:9      | Found a glowing silver altar of Zin.
 12428 | D:10     | Entered Level 10 of the Dungeon
 12645 | D:10     | Found Diutea's Antique Artefacts.
 12652 | D:10     | Bought a pitted buckler for 228 gold pieces
 12652 | D:10     | Identified the +0 buckler of the Sacrificial Victim {Will+}
                  | (You bought it in a shop on level 10 of the Dungeon)
 12652 | D:10     | Bought a fine robe for 136 gold pieces
 12652 | D:10     | Identified the +1 robe of Awe {MP+9 Int+4} (You bought it
                  | in a shop on level 10 of the Dungeon)
 12652 | D:10     | Bought a pitted ivory ring for 120 gold pieces
 12652 | D:10     | Identified the ring "Qusmueb" {Wiz rN+ Stlth+} (You bought
                  | it in a shop on level 10 of the Dungeon)
 12652 | D:10     | Bought a scorched amber ring for 120 gold pieces
 12652 | D:10     | Identified the ring "Isoof" {rF+ rN+} (You bought it in a
                  | shop on level 10 of the Dungeon)
 12652 | D:10     | Bought a slimy whip for 180 gold pieces
 12652 | D:10     | Identified the +3 whip "Myote" {elec, Fly rC+ MP+9} (You
                  | bought it in a shop on level 10 of the Dungeon)
 12652 | D:10     | Bought a warped leather armour for 168 gold pieces
 12652 | D:10     | Identified the +1 leather armour of Wrong Decisions {rElec
                  | rF+ Str+2} (You bought it in a shop on level 10 of the
                  | Dungeon)
 12863 | D:10     | Reached skill level 9 in Conjurations
 12978 | D:10     | Found a staircase to the Orcish Mines.
 12984 | D:10     | Noticed an orc knight
 13530 | D:10     | Found a shadowy altar of Dithmenos.
 13700 | D:10     | Found a staircase to the Lair.
 13886 | Orc:1    | Entered Level 1 of the Orcish Mines
 14399 | Orc:1    | Noticed Harold
 14411 | Orc:1    | Killed Harold
 14454 | Orc:1    | Noticed an orc warlord
 14504 | Orc:1    | Killed from afar by an orc priest

Illustrated notes

Levels and vault maps discovered:
D:1:      minmay_arrival_checkered_box, layout_basic
D:2:      layout_loops_ring, basic_altar,
          dreamdust_ecumenical_altar_angels_and_demons
D:3:      layout_basic, grunt_ministairs_3, uniq_jessica
D:4:      layout_loops_corners, minmay_temple_entry_poolview,
          gammafunk_ghost_nasty_kobolds, serial_shops, nicolae_shop_statue_plus
D:5:      layout_basic, makhleb_grotto_becter, cheibrodos_sewer_entry_bend,
          uniq_pikel
D:6:      hangedman_cross_stitches, layout_basic, mainiacjoe_overflow_brackets,
          kennysheep_crisscross, interstate_on_off
D:7:      layout_rooms, mainiacjoe_overflow_big_doors, uniq_duvessa
D:8:      layout_basic, enter_bailey_3, minivault_10, uniq_psyche
D:9:      layout_irregular_city, kennysheep_mini, lemuel_doored_altar
D:10:     layout_roguey, grunt_dithmenos_shadows, david_lair_shrubbed,
          david_orc_5, nicolae_antique_artefacts, hellmonk_bongcloud_opening
Temple:   regret_index_temple_generic_petals
Orc:1:    layout_caves, nicolae_orc_damp_corner, uniq_harold

Skill      XL: |  1  2  3  4  5  6  7  8  9 10 11 |
---------------+----------------------------------+-----
Spellcasting   | 5 6 7 8 |  8.5
Invocations    | 1 2 3 4 5 6 7 |  7.4
Fighting       | 1 2 3 4 5 6 |  6.7
Short Blades   | 1 2 3 4 5 6 |  6.7
Long Blades    | 1 2 3 4 5 6 |  6.7
Axes           | 1 2 3 4 5 6 |  6.7
Maces & Flails | 1 2 3 4 5 6 |  6.7
Polearms       | 1 2 3 4 5 6 |  6.7
Staves         | 1 2 3 4 5 6 |  6.7
Slings         | 1 2 3 4 5 6 |  6.7
Bows           | 1 2 3 4 5 6 |  6.7
Crossbows      | 1 2 3 4 5 6 |  6.7
Throwing       | 1 2 3 4 5 6 |  6.7
Armour         | 1 2 3 4 5 6 |  6.7
Shields        | 1 2 3 4 5 6 |  6.7
Unarmed Combat | 1 2 3 4 5 6 |  6.7
Evocations     | 1 2 3 4 5 6 |  6.7
Hexes          | 1 2 3 4 5 |  5.6
Summonings     | 1 2 3 4 5 |  5.6
Necromancy     | 1 2 3 4 5 |  5.6
Translocations | 1 2 3 4 5 |  5.6
Transmutations | 1 2 3 4 5 |  5.6
Fire Magic     | 1 2 3 4 5 |  5.6
Ice Magic      | 1 2 3 4 5 |  5.6
Air Magic      | 1 2 3 4 5 |  5.6
Earth Magic    | 1 2 3 4 5 |  5.6
Poison Magic   | 1 2 3 4 5 |  5.6
Dodging        | 5 6 7 8 |  8.2
Stealth        | 5 6 7 8 |  8.0
Conjurations   | 8 9 |  9.1

Action                   |  1- 3 |  4- 6 |  7- 9 | 10-12 || total
-------------------------+-------+-------+-------+-------++-------
Melee: Dagger            |    22 |       |       |       ||    22
       Whip              |    17 |    53 |     4 |       ||    74
       Bite              |       |     2 |     3 |     9 ||    14
       Spear             |       |       |    58 |    63 ||   121
 Cast: Magic Dart        |    35 |     6 |    44 |   116 ||   201
       Searing Ray       |     8 |    14 |    36 |   121 ||   179
       Call Canine Famil |       |       |       |     3 ||     3
       Swiftness         |       |       |       |     1 ||     1
  Use: Scroll            |     2 |     7 |     5 |    10 ||    24
       Potion            |       |       |       |     1 ||     1
 Stab: Sleeping          |     7 |    10 |     5 |     6 ||    28
       Distracted        |       |     1 |       |       ||     1
Armor: Robe              |     9 |     7 |    21 |    37 ||    74
Dodge: Dodged            |    47 |    25 |   108 |   194 ||   374
Block: Buckler           |       |       |       |    28 ||    28
